 Seeded DCSS version 0.29-a0-887-gcbe080d7e0 (webtiles) character file.

Game seed: 20220722 (custom seed)

15 flotson the Sneak (level 2, -4/24 HPs)
             Began as a Demonspawn Delver on July 22, 2022.
             Slain by an orc
             ... wielding a +0 hand axe
              (7 damage)
             ... on level 4 of the Dungeon.
             The game lasted 00:01:30 (159 turns).

flotson the Sneak (Demonspawn Delver)                Turns: 159, Time: 00:01:31

Health: -4/24      AC:  3    Str: 12    XL:     2   Next: 34%
Magic:  2/2        EV: 12    Int: 11    God:
Gold:   16         SH:  0    Dex: 14    Spells: 1/1 levels left

rFire   . . .      SeeInvis .   e - +0 glaive
rCold   . . .      Faith    .   (shield currently unavailable)
rNeg    . . .      Spirit   .   b - +0 leather armour
rPois   .          Reflect  .   (no helmet)
rElec   .          Harm     .   (no cloak)
rCorr   .          Rampage  .   (no gloves)
Will    .....                   (no boots)
Stlth   ++........              (no amulet)
HPRegen 0.08/turn               (no ring)
MPRegen 0.08/turn               (no ring)

@: no status effects
A: claws 1
a: no special abilities


You were on level 4 of the Dungeon.
You visited 1 branch of the dungeon, and saw 2 of its levels.

You collected 16 gold pieces.

Inventory:

Hand Weapons
 a - a +0 spear
 e - a +0 glaive (weapon)
Armour
 b - a +0 leather armour (worn)
Wands
 g - a wand of digging (3)
 h - a wand of roots (15)
Scrolls
 c - a scroll of fog
 i - a scroll of immolation {unknown}
Potions
 d - a potion of flight {unknown}
 f - a potion of haste


   Skills:
 + Level 3.1 Fighting
 + Level 0.5(1.2) Axes
 - Level 1.7(1.8) Polearms
 + Level 0.5 Armour
 + Level 2.0 Dodging
 - Level 4.5 Stealth
 + Level 0.6 Evocations


You had one spell level left.
You didn't know any spells.
Your spell library was empty.

Dungeon Overview and Level Annotations

Branches:
Dungeon (5/15)
 Temple: D:4-7

Altars:
Ru


Innate Abilities, Weirdness & Mutations

You have sharp fingernails.


Message History

You kill the orc!
A hobgoblin comes into view.
Things that are here:
a +0 club; an orc corpse The hobgoblin shouts!
You see here a quokka corpse.
The jackal barks!
An orc comes into view. It is wielding a +0 short sword.
You hit the hobgoblin but do no damage.
The hobgoblin hits you but does no damage.
The hobgoblin hits you.
You hit the hobgoblin.
You kill the hobgoblin!
The jackal barely misses you.
You closely miss the jackal. The jackal closely misses you.
The jackal bites you but does no damage. x2
You barely miss the jackal. The jackal barely misses you.
The jackal bites you but does no damage.
You hit the jackal.
The jackal is severely wounded.
The jackal bites you.
The jackal bites you but does no damage.
You slash the jackal!
You kill the jackal!
The orc hits you with a +0 hand axe.
You are too injured to fight recklessly!
You are too injured to fight recklessly!
You are too injured to fight recklessly!
You are too injured to fight recklessly!
You are too injured to fight recklessly!
You are too injured to fight recklessly!
You are too injured to fight recklessly!
You are too injured to fight recklessly!
You completely miss the orc. The orc hits you with a +0 hand axe.
* * * LOW HITPOINT WARNING * * *
Unknown command.
You hit the orc but do no damage. The orc hits you with a +0 hand axe.
* * * LOW HITPOINT WARNING * * *
The orc hits you with a +0 hand axe!
You die...

,*** ,*,* ,,** ,*** *,,*****
******* *,....,* *,,,,,*
,*#....* *,,,.,******
,*.....##############....,**,,,*
,,#....#.....).†@oo......,**,*,*
,**#........########.....,**,*,*
*,,,#.......### *,,.oo,,,,*,*
*,,,..#...#...# **,,,,.,,***,*
,**,**##..###.#####.r,,,,,** *,*
,*,,* #...##.....o..#*,*** **,*
,,*** #†#...####.##.**,* *,,*
,*** #.###..#*..,h,,,,* *,**
*,,* #># ##.##.#.#**,*** *,*


You could see 3 orcs.

Vanquished Creatures
  2 orcs (D:4)
  2 hobgoblins (D:4)
  4 jackals (D:4)
  A kobold (D:4)
  A quokka (D:4)
10 creatures vanquished.

Notes
Turn   | Place    | Note
-------+----------+-------------------------------------------
     0 | D:5      | flotson the Demonspawn Delver began the quest for the Orb.
     0 | D:5      | Reached XP level 1. HP: 18/18 MP: 1/1
    13 | D:4      | Noticed an ogre
    13 | D:4      | Noticed an iguana
    22 | D:5      | Found a sacrificial altar of Ru.
   133 | D:4      | Gained mutation: You have sharp fingernails. [demonic
                  | ancestry]
   133 | D:4      | Reached XP level 2. HP: 23/24 MP: 2/2
   159 | D:4      | Slain by an orc

Illustrated notes

Levels and vault maps discovered:
D:4:      layout_rooms, mainiacjoe_overflow_concentric_impassable,
          nicolae_eternal_life, minmay_misc_feat_doors
D:5:      layout_gridville, old_standard_altar, zin_academy, uniq_menkaure

Skill      XL: |  1  2 |
---------------+-------+-----
Dodging        | 2 |  2.0
Fighting       | |  3.1
Axes           | |  0.5
Polearms       | |  1.7
Armour         | |  0.5
Stealth        | |  4.5
Evocations     | |  0.6

Action                   || total
-------------------------++-------
Melee: Glaive            ||    23
  Use: Scroll            ||     2
 Stab: Sleeping          ||     1
Armor: Leather armour    ||    10
Dodge: Dodged            ||    15

Table legend: (Time is in decaauts)
 A = Elapsed time spent in this place.
 B = Non-inter-level travel time spent in this place.
 C = Inter-level travel time spent in this place.
 D = Time resting spent in this place.
 E = Time spent auto-exploring this place.
 F = Levels seen in this place.
 G = Mean time per level.
                   A        B        C        D        E       F      G
               +--------+--------+--------+--------+--------+-----+--------+
         Total |    172 |    172 |      0 |      0 |     12 |   2 |   86.0 |
       Dungeon |    172 |    172 |      0 |      0 |     12 |   2 |   86.0 |
               +--------+--------+--------+--------+--------+-----+--------+

Top non-repeatable levels by time:
     D:4: 100 daAuts
     D:5: 71 daAuts
